 Dungeon Crawl Stone Soup version 0.22.1-5-g62c59d9 (webtiles) character file.

408030 beigtais the Eclecticist (level 22, -23/157 HPs)
             Began as a Demonspawn Conjurer on Dec 18, 2018.
             Was the Champion of Vehumet.
             Shot with a bolt by a vault sentinel (27 damage)
             ... on level 4 of the Vaults on Jan 7, 2019.
             The game lasted 12:27:49 (87625 turns).

beigtais the Eclecticist (Demonspawn Conjurer)     Turns: 87625, Time: 12:27:54

Health: -23/157    AC:  4    Str: 14    XL:     22   Next: 41%
Magic:  38/61      EV: 18    Int: 32    God:    Vehumet [******]
Gold:   3047       SH:  6    Dex: 15    Spells: 2/61 levels left

rFire    + . .     SeeInvis +   i - staff of power
rCold    + . .     Gourm    .   (no shield)
rNeg     + . .     Faith    .   T - +2 robe {Archmagi}
rPois    .         Spirit   .   (helmet unavailable)
rElec    +         Reflect  +   U - scarf {cloud immunity}
rCorr    .         Harm     .   (gloves unavailable)
MR       ++...                  (boots unavailable)
Stlth    ++........             Y - +6 amulet of reflection
HPRegen  1.36/turn              E - ring of Gezxa {rF+ rN+ Int+5 Stlth-}
MPRegen  0.37/turn              N - ring of the Tormentor {rElec MR+ Str+5}

@: very slightly contaminated
A: antennae 3, claws 3, talons 3, clever 1, cold resistance 1, demonic guardian
3, powered by death 1, freezing cloud immunity, MP-powered wands
}: 2/15 runes: barnacled, gossamer
a: Renounce Religion


You were on level 4 of the Vaults.
You worshipped Vehumet.
Vehumet was exalted by your worship.
You were not hungry.

You visited 8 branches of the dungeon, and saw 42 of its levels.
You also visited: Labyrinth and Ossuary.

You collected 5939 gold pieces.
You spent 2892 gold pieces at shops.

Inventory:

Hand Weapons
 J - a +2 dagger of electrocution
 V - a +7 blowgun
Missiles
 m - 18 javelins of penetration (quivered)
 o - 33 curare-tipped needles
 x - 9 tomahawks of returning
Armour
 R - a +2 robe of magic resistance
 T - a +2 robe of the Archmagi (worn)
 U - a scarf of cloud immunity (worn)
Magical Staves
 i - an uncursed staff of power (weapon)
Jewellery
 g - an uncursed amulet of the acrobat
 q - the ring "Roum" {MR+ Str+3 Int+4 SInv}
   (You took it off a vault sentinel on level 2 of the Vaults)

   [ring of see invisible]

   It affects your strength (+3).
   It affects your intelligence (+4).
   It affects your resistance to hostile enchantments.
   It lets you see invisible.
 E - the ring of Gezxa (left claw) {rF+ rN+ Int+5 Stlth-}
   (You found it on level 3 of the Vaults)

   [ring of attention]

   It affects your intelligence (+5).
   It protects you from fire.
   It protects you from negative energy.
   It makes you less stealthy.
 H - an uncursed ring of poison resistance
 L - the ring of the Peasants {rF+ rC+ Dex+2}
   (You found it on level 7 of the Dungeon)

   [ring of dexterity]

   It affects your dexterity (+2).
   It protects you from fire.
   It protects you from cold.
 N - the ring of the Tormentor (right claw) {rElec MR+ Str+5}
   (You took it off a frost giant on level 2 of the Depths)

   [ring of strength]

   It affects your strength (+5).
   It insulates you from electricity.
   It affects your resistance to hostile enchantments.
 O - an uncursed ring of resist corrosion
 P - an uncursed amulet of the gourmand
 Y - a +6 amulet of reflection (around neck)
Wands
 b - a wand of digging (39)
 e - a wand of clouds (6)
 l - a wand of acid (17)
 C - a wand of enslavement (72)
 G - a wand of scattershot (4)
 K - a wand of paralysis (35)
 W - a wand of iceblast (18)
 Z - a wand of disintegration (11)
Scrolls
 d - a scroll of enchant weapon
 f - 4 scrolls of fear
 h - a scroll of blinking
 j - 5 scrolls of amnesia
 t - 4 scrolls of magic mapping
 w - 28 scrolls of remove curse
 y - 7 scrolls of teleportation
 z - 6 scrolls of enchant armour
 B - 5 scrolls of immolation
 I - 5 scrolls of fog
 S - a scroll of identify
 X - 2 scrolls of brand weapon
Potions
 a - 6 potions of heal wounds
 k - 9 potions of flight
 n - 3 potions of magic
 p - 17 potions of curing
 r - a potion of agility
 s - 4 potions of cancellation
 u - 7 potions of brilliance
 v - 5 potions of resistance
 A - 4 potions of might
 D - 7 potions of haste
 Q - 5 potions of mutation
Miscellaneous
 M - a phantom mirror
Comestibles
 c - 21 rations
 F - 2 chunks of flesh


   Skills:
 + Level 9.1 Fighting
 - Level 0.5 Short Blades
 + Level 5.9 Staves
 + Level 7.5 Throwing
 + Level 8.9 Dodging
 + Level 5.2 Stealth
 * Level 20.2 Spellcasting
 + Level 19.7 Conjurations
   Level 6.3 Hexes
 + Level 7.6 Summonings
 + Level 5.0 Translocations
 + Level 13.0 Fire Magic
 + Level 9.2 Ice Magic
 + Level 3.2 Air Magic
 + Level 8.0 Earth Magic
 + Level 4.1 Evocations


You had 2 spell levels left.
You knew the following spells:

 Your Spells              Type           Power        Failure   Level  Hunger
a - Fireball              Conj/Fire      ########..   1%          5    None
b - Orb of Destruction    Conj           ########..   1%          7    ##.....
c - Bolt of Cold          Conj/Ice       ########..   1%          6    None
d - Lehudib's Crystal Sp  Conj/Erth      ########..   7%          8    #####..
e - Force Lance           Conj/Tloc      ########     1%          4    None
f - Iron Shot             Conj/Erth      ########..   1%          6    None
g - Spellforged Servitor  Conj/Summ      ########..   1%          7    ##.....
h - Freezing Cloud        Conj/Ice/Air   ########..   1%          6    None
i - Blink                 Tloc           N/A          1%          2    None
j - Ignition              Fire           ########..   10%         8    #####..

Your spell library contained the following spells:

 Spells                   Type           Power        Failure   Level  Hunger
 Fire Storm               Conj/Fire      ########..   32%         9    ######.
 Glaciate                 Conj/Ice       ########..   54%         9    ######.
 Magic Dart               Conj           ####         0%          1    None
 Searing Ray              Conj           ######       0%          2    None
 Apportation              Tloc           ######       1%          1    None
 Beastly Appendage        Tmut           #####.       1%          1    None
 Confusing Touch          Hex            ######       1%          1    None
 Corona                   Hex            #######      1%          1    None
 Sandblast                Erth           ######       1%          1    None
 Summon Small Mammal      Summ           ####         1%          1    None
 Call Imp                 Summ           #######.     1%          2    None
 Corpse Rot               Necr           N/A          1%          2    None
 Ensorcelled Hibernation  Hex/Ice        ######       1%          2    None
 Passwall                 Tmut/Erth      ######..     1%          2    None
 Slow                     Hex            #######.     1%          2    None
 Sticks to Snakes         Tmut           #####...     1%          2    None
 Swiftness                Chrm/Air       ######..     1%          2    None
 Conjure Flame            Conj/Fire      ########     0%          3    None
 Dazzling Spray           Conj/Hex       ######       0%          3    None
 Stone Arrow              Conj/Erth      ######       0%          3    None
 Iskenderun's Mystic Bla  Conj           ########     0%          4    None
 Confuse                  Hex            #######.     1%          3    None
 Gell's Gravitas          Tloc           #######...   1%          3    None
 Ignite Poison            Fire/Tmut/Pois ######..     1%          3    None
 Mephitic Cloud           Conj/Pois/Air  #######.     1%          3    None
 Portal Projectile        Hex/Tloc       ######       1%          3    None
 Recall                   Summ/Tloc      N/A          1%          3    None
 Static Discharge         Conj/Air       ########     1%          3    None
 Tukima's Dance           Hex            #######.     1%          3    None
 Fulminant Prism          Conj/Hex       ########..   1%          4    None
 Ice Form                 Ice/Tmut       #######.     1%          4    None
 Leda's Liquefaction      Hex/Erth       #######...   1%          4    None
 Passage of Golubria      Tloc           N/A          1%          4    None
 Petrify                  Tmut/Erth      ######..     1%          4    None
 Summon Ice Beast         Ice/Summ       #######.     1%          4    None
 Aura of Abjuration       Summ           #######...   1%          5    None
 Bolt of Magma            Conj/Fire/Erth ########..   1%          5    None
 Irradiate                Conj/Tmut      #######...   1%          5    None
 Iskenderun's Battlesphe  Conj/Chrm      #######.     1%          5    None
 Lee's Rapid Deconstruct  Erth           #######...   1%          5    None
 Lightning Bolt           Conj/Air       ########..   1%          5    None
 Metabolic Englaciation   Hex/Ice        #######...   1%          5    None
 Summon Demon             Summ           #######...   1%          5    None
 Summon Mana Viper        Hex/Summ       #######.     1%          5    None
 Venom Bolt               Conj/Pois      #######...   1%          5    None
 Bolt of Fire             Conj/Fire      ########..   1%          6    None
 Poison Arrow             Conj/Pois      #######...   1%          6    None
 Summon Forest            Summ/Tloc      #######...   2%          5    None
 Yara's Violent Unravell  Hex/Tmut       ######....   2%          5    None
 Spider Form              Tmut/Pois      #####.....   3%          3    None
 Borgnjor's Vile Clutch   Necr/Erth      ######....   5%          5    None
 Shadow Creatures         Summ           N/A          8%          6    None
 Animate Dead             Necr           N/A          11%         4    None
 Darkness                 Hex            #######...   12%         6    None
 Invisibility             Hex            #######.     12%         6    None
 Chain Lightning          Conj/Air       ########..   17%         8    #####..
 Dispersal                Tloc           #######...   21%         6    None
 Simulacrum               Ice/Necr       #######...   24%         6    None
 Blade Hands              Tmut           #####.....   30%         5    None
 Statue Form              Tmut/Erth      ######...    30%         6    None
 Summon Hydra             Summ           #######...   38%         7    ##.....
 Ring of Flames           Chrm/Fire      #######...   54%         7    ##.....
 Death Channel            Necr           #####.....   86%         6    None
 Hydra Form               Tmut           #####.....   86%         6    None
 Dragon Form              Tmut           #####.....   100%        7    ##.....
 Controlled Blink         Tloc           N/A          100%        8    #####..
 Disjunction              Tloc           #######...   100%        8    #####..
 Shatter                  Erth           #######...   100%        9    ######.
 Tornado                  Air            ######....   100%        9    ######.


Dungeon Overview and Level Annotations

Branches:
Dungeon (15/15)            Temple (0/1) D:6            Lair (6/6) D:10
 Shoals (4/4) Lair:2       Spider (4/4) Lair:4        Slime (0/5) Lair:6
    Orc (2/2) D:9             Elf (3/3) Orc:2        Vaults (4/5) D:14
  Crypt (0/3) Vaults:3     Depths (4/5) D:15

Altars:
Ashenzari
Cheibriados
Dithmenos
Fedhas
Gozag
Hepliaklqana
Kikubaaqudgha
Qazlal
Ru
Sif Muna
Trog
Uskayaw
Vehumet
Xom
Yredelemnul
The Shining One
Beogh
Jiyva

Shops:
D:10 [(%   D:13 :   Orc:1 ?   Orc:2 :*?*   Elf:1 :(   Depths:1 (=

Portals:
Hell: Depths:1 Depths:2 Depths:3
Abyss: Depths:2 Depths:4
Pandemonium: Depths:3

Annotations:
D:3 Grinder, Jessica
Shoals:1 3 runed doors, Baril's ghost, journeyman DECj; bmj180's ghost, adept MiMo
Depths:3 1 runed door, bmj180's ghost, veteran MiFi


Innate Abilities, Weirdness & Mutations

You have a pair of large antennae on your head. (SInv)
You have claws for hands.
You have claws for feet.
Your flesh is cold resistant. (rC+)
A powerful demonic guardian rushes to your aid.
You regenerate a little health from kills.
You are immune to freezing clouds.
Your mind is acute. (Int +2)
You expend magic power (3 MP) to strengthen your wands.


Message History

* * * LOW HITPOINT WARNING * * *
Casting: Ignition (quite dangerous; 10% risk of failure)
Confirm with . or Enter, or press ? or * to list all spells.
Aiming: Lehudib's Crystal Spear (quite dangerous; 7% risk of failure)
Press: ? - help, Shift-Dir - straight line, f - stone giant, p - vault warden
Aim: a stone giant (moderately wounded)
You feel a surge of power!
The crystal spear hits the stone giant.
The stone giant is almost dead.
The vault sentinel casts a spell at you.
A sentinel's mark forms upon you.
The stone giant throws a large rock.
The large rock hits you!!!
* * * LOW HITPOINT WARNING * * *
Your magical effects are unravelling.
You feel magically purged.
You feel slightly less contaminated with magical energies.
The sentinel's mark upon you fades away.
The vault sentinel unwields an uncursed falchion.
The vault sentinel wields an arbalest.
The vault sentinel shoots a bolt.
The bolt hits you!!
You die...

###.<.# .........#.....#
.........#.....#
..#####..#.....# ..
..#.....# . ..#.....#
##.....# ##
##########.....##.#.#.#.
...............+@.p.....
...............##..O....
...............'...#c.#.
...............##.....).
...............# ...C# #
################ ..#...
....#.# p.. ...


You could see a stone giant, a vault warden, an ogre mage, a vault sentinel and
a yaktaur.

Vanquished Creatures
  Saint Roka (Depths:2)
  3 golden dragons (Depths:3)
  The ghost of Xusao the Warrior, a veteran GrFi of Okawaru (Depths:2)
  4 liches
  A deep elf master archer (Elf:3)
  A deep elf blademaster (Elf:2)
  A kraken (Shoals:4)
  Roxanne (Elf:1)
  3 fire giants
  2 deep elf sorcerers
  5 ghost moths
  A balrug (Depths:2)
  3 vault wardens
  An iron dragon (Depths:3)
  10 ironheart preservers
  3 emperor scorpions
  5 frost giants
  4 deep elf elementalists (Elf:3)
  12 stone giants
  A ghoul (Vaults:4)
  5 entropy weavers
  8 very ugly things
  2 vampire knights
  2 deep elf demonologists (Elf:3)
  Azrael (D:14)
  3 deep elf annihilators
  A minotaur (Lab)
  An eidolon (Vaults:3)
  4 merfolk javelineers (Shoals:4)
  6 deep elf death magi
  3 spark wasps
  11 ettins
  5 merfolk impalers
  Josephine (D:15)
  4 vault guards
  8 fire dragons
  8 ice dragons
  2 deep elf high priests
  A great orb of eyes (Depths:3)
  6 hydras
  4 rakshasas
  5 yaktaur captains
  A spriggan air mage (Depths:3)
  5 centaur warriors
  2 merfolk aquamancers
  A death knight (Vaults:4)
  2 alligator snapping turtles
  A catoblepas (Shoals:2)
  A merfolk avatar (Shoals:3)
  9 dancing weapons
  A deep troll shaman (Depths:4)
  3 satyrs
  8 ogre magi
  23 two-headed ogres
  4 vampire magi
  3 spriggan berserkers
  2 orc high priests (Elf:2)
  3 tengu warriors (Depths:2)
  5 death yaks
  7 deep troll earth magi
  3 hell knights (Depths:3)
  2 sun demons (Depths:2)
  Sonja (Orc:2)
  20 deep elf knights
  4 skeletal warriors
  A salamander mystic (Depths:4)
  A storm dragon skeleton (Vaults:1)
  2 shadow wraiths (Vaults:3)
  3 sea snakes
  3 unseen horrors
  An unseen horror (shapeshifter) (Depths:1)
  2 glowing orange brains
  15 deep trolls
  A swamp dragon (Lair:6)
  2 flayed ghosts
  13 orc knights
  14 deep elf archers
  2 wizards
  A lindwurm (Lair:6)
  Pikel (D:7)
  17 orb spiders
  12 ironbrand convokers
  48 deep elf magi
  An orb spider (shapeshifter) (Depths:1)
  3 orc sorcerers
  17 harpies
  3 necromancers
  20 wolf spiders
  A wolf spider zombie (D:14)
  18 fauns
  32 ugly things
  8 manticores
  5 cyclopes
  2 stone giant skeletons
  3 black mambas
  Maurice (D:12)
  5 salamanders (Depths:4)
  A moth of wrath (Spider:4)
  10 vault sentinels
  9 elephants
  An elephant (shapeshifter) (Vaults:4)
  6 merfolk sirens
  2 gargoyles
  Psyche (D:12)
  6 water nymphs
  A guardian serpent (shapeshifter) (Vaults:1)
  A torpor snail (shapeshifter) (Depths:3)
  7 torpor snails
  14 spiny frogs
  3 centaur skeletons
  7 komodo dragons
  A komodo dragon (shapeshifter) (Depths:2)
  28 yaktaurs
  3 rime drakes
  5 freezing wraiths
  8 demonic crawlers
  2 ice devils (Lair:1)
  A tengu conjurer (Depths:2)
  3 tyrant leeches (Lair:6)
  A polar bear (Lair:3)
  16 merfolk
  9 trolls
  A jumping spider (shapeshifter) (D:15)
  A queen bee (Lair:3)
  13 hornets
  A wind drake (shapeshifter) (Vaults:3)
  31 jumping spiders
  2 wind drakes (Shoals:3)
  A dream sheep (shapeshifter) (Elf:1)
  5 blink frogs
  8 snapping turtles
  5 hippogriffs
  18 slime creatures
  A spriggan (Depths:3)
  68 redbacks
  10 water elementals
  An air elemental (Elf:2)
  2 shadows
  6 wyverns
  27 tarantellas
  9 wraiths
  A tarantella (shapeshifter) (Vaults:1)
  6 fire elementals
  A human (D:12)
  30 yaks
  A yaktaur simulacrum (Vaults:2)
  2 hogs (D:12)
  8 vampire mosquitoes
  4 basilisks
  4 steam dragons
  2 yaks (shapeshifter) (Vaults:1)
  A hungry ghost (D:13)
  An ogre zombie (Vaults:1)
  A soldier ant (shapeshifter) (Elf:1)
  An insubstantial wisp (Lair:2)
  9 water moccasins
  7 wargs
  2 hell hounds (D:14)
  A naga (shapeshifter) (D:13)
  3 acid dragons
  3 swamp drakes
  58 orc warriors
  6 porcupines
  2 ice beasts
  A slave (D:7)
  A deep troll skeleton (Vaults:2)
  An eye of draining (D:11)
  2 sky beasts
  10 boggarts
  35 ogres
  3 phantoms
  13 wolves
  A necrophage (D:9)
  12 centaurs
  16 crocodiles
  An elf simulacrum (Vaults:1)
  16 bullfrogs
  6 big kobolds (D:9)
  5 earth elementals
  4 gnoll sergeants (D:9)
  4 scorpions
  14 wights
  26 killer bees
  3 electric eels
  5 centaur zombies
  6 howler monkeys
  7 crimson imps
  2 quasits
  A bullfrog zombie (D:11)
  6 hounds
  4 human simulacra
  3 jellies
  25 orc wizards
  17 orc priests
  5 iguanas
  Terence (D:2)
  Natasha (thrice) (D:2)
  10 worker ants
  A killer bee zombie (D:8)
  A hound zombie (D:10)
  12 mummies (Ossuary)
  A howler monkey zombie (D:11)
  Robin (D:3)
  8 adders
  2 gnolls (D:9)
  5 shadow imps
  An ufetubus (Depths:3)
  5 oozes
  An adder zombie (D:6)
  2 adder skeletons
  A dart slug (D:2)
  2 worms
  A leopard gecko (shapeshifter) (Depths:2)
  4 leopard geckos
  129 orcs
  2 ball pythons
  3 giant cockroaches
  9 goblins
  16 hobgoblins
  10 jackals
  15 kobolds
  3 quokkas
  6 bats
  6 frilled lizards
  3 gnoll skeletons (Ossuary)
  2 goblin skeletons (Ossuary)
  A goblin zombie (D:5)
  A kobold skeleton (Ossuary)
  A leopard gecko zombie (D:9)
  2 orc skeletons (Ossuary)
  A quokka skeleton (D:4)
  8 rats
  11 rat skeletons (Ossuary)
  A rat zombie (D:5)
  5 fungi
  18 plants
1603 creatures vanquished.

Vanquished Creatures (collateral kills)
  Boris (Depths:4)
  Jory (Depths:4)
  2 deep elf blademasters (Elf:3)
  A lich (Depths:3)
  2 titans
  Polyphemus (Shoals:2)
  A deep elf master archer (Elf:3)
  2 sphinxes (Depths:2)
  Kirke (D:12)
  A fire giant (Depths:2)
  3 frost giants
  3 deep elf sorcerers
  2 vault wardens
  3 emperor scorpions (Spider:4)
  A deep elf elementalist (Elf:3)
  9 very ugly things
  3 ironheart preservers
  5 stone giants
  4 deep elf demonologists (Elf:3)
  2 entropy weavers
  2 spark wasps (Spider:4)
  4 deep elf annihilators (Elf:3)
  3 ettins
  4 deep elf death magi
  4 fire dragons
  3 merfolk impalers (Shoals:2)
  A merfolk javelineer (Shoals:4)
  An ogre mage (Vaults:2)
  2 yaktaur captains
  Erolcha (D:9)
  2 deep elf high priests (Elf:3)
  2 hydras
  A great orb of eyes (Vaults:1)
  5 vault guards
  4 rakshasas
  A death knight (Vaults:4)
  3 centaur warriors
  12 dancing weapons
  A deep troll shaman (Vaults:2)
  2 deep troll earth magi
  3 two-headed ogres
  A spriggan berserker (Depths:1)
  10 deep elf knights
  2 hell knights
  6 deep trolls
  A skeletal warrior (D:14)
  The ghost of RadicalHijinx the Chopper, a novice FoFi of Hepliaklqana (D:7)
  3 sea snakes
  2 wizards
  A flayed ghost (Depths:3)
  2 phantasmal warriors (Depths:4)
  4 orc knights
  An ironbrand convoker (Vaults:2)
  9 deep elf archers
  21 deep elf magi
  12 ugly things
  5 wolf spiders
  An orb spider (Spider:3)
  3 slime creatures
  11 fauns
  A manticore (Shoals:4)
  A moth of wrath (Spider:3)
  A black mamba (Lair:6)
  2 elephants
  3 vault sentinels
  A centaur skeleton (D:14)
  A gargoyle (D:11)
  2 rime drakes
  2 demonic crawlers
  10 yaktaurs
  A freezing wraith (Vaults:4)
  A rime drake (shapeshifter) (Vaults:2)
  A tyrant leech (Lair:6)
  2 jumping spiders (Spider:3)
  9 merfolk
  3 hornets
  3 wind drakes
  2 hippogriffs
  A snapping turtle (Shoals:4)
  12 redbacks
  A stone giant simulacrum (Vaults:1)
  A shadow (D:14)
  An air elemental (Elf:3)
  2 water elementals
  A wraith (Vaults:4)
  A tarantella (Spider:3)
  3 yaks (Lair:6)
  A fire elemental (D:14)
  2 hogs (D:12)
  A warg (Depths:2)
  2 hell hounds (D:14)
  An orc warrior (Depths:2)
  A black bear (shapeshifter) (Vaults:4)
  An ice beast (D:14)
  A sky beast (D:14)
  3 ogres
  A wolf (Lair:3)
  2 boggarts (Vaults:3)
  2 centaurs
  A big kobold (D:5)
  A yaktaur zombie (Vaults:1)
  2 bullfrogs
  An orc wizard (Orc:1)
  A jelly (D:9)
  An ooze (D:9)
  9 orcs
  A giant cockroach zombie (D:5)
  A fulminant prism (Depths:1)
  7 plants
317 creatures vanquished.

Vanquished Creatures (others)
  A deep elf sorcerer (Elf:3)
  A fire dragon (Vaults:3)
  A two-headed ogre (D:14)
  A queen bee (shapeshifter) (Depths:3)
  A jumping spider (Spider:2)
  A fire elemental (Elf:1)
  An orc wizard (Orc:1)
  A bush (Lair:4)
  284 fulminant prisms
  6 fungi
  69 plants
  4 tentacles (Shoals:4)
  4 withered plants (Shoals:1)
375 creatures vanquished.

Grand Total: 2295 creatures vanquished

Notes
Turn   | Place    | Note
-------+----------+-------------------------------------------
     0 | D:1      | beigtais the Demonspawn Conjurer began the quest for the
                  | Orb.
     0 | D:1      | Reached XP level 1. HP: 13/13 MP: 3/3
   355 | D:1      | Gained mutation: You have sharp toenails. [demonic
                  | ancestry]
   355 | D:1      | Reached XP level 2. HP: 19/19 MP: 3/5
   822 | D:1      | Learned a level 2 spell: Searing Ray
  1023 | D:2      | Noticed Terence
  1089 | D:2      | Noticed Natasha
  1095 | D:2      | Killed Natasha
  1095 | D:2      | Gained mutation: You have sharp fingernails. [demonic
                  | ancestry]
  1095 | D:2      | Reached XP level 3. HP: 24/24 MP: 2/6
  1323 | D:3      | Gained mutation: Scrolls take you a little longer to read.
                  | [potion of mutation]
  1323 | D:3      | Gained mutation: Your flesh is cold resistant. (rC+)
                  | [potion of mutation]
  1796 | D:3      | Noticed Jessica
  1924 | D:3      | Noticed Robin
  1933 | D:3      | Gained mutation: You have very sharp fingernails. [demonic
                  | ancestry]
  1933 | D:3      | Reached XP level 4. HP: 30/30 MP: 8/8
  1945 | D:3      | Killed Robin
  1968 | D:3      | Noticed Grinder
  1968 | D:3      | Paralysed by Grinder for 3 turns
  2157 | D:2      | Killed Terence
  2157 | D:2      | Reached skill level 3 in Spellcasting
  2157 | D:2      | Reached skill level 5 in Conjurations
  2231 | D:2      | Lost mutation: Scrolls take you a little longer to read.
                  | [potion of mutation]
  2231 | D:2      | Gained mutation: Your mind is acute. (Int +2) [potion of
                  | mutation]
  2231 | D:2      | Gained mutation: You expend magic power (3 MP) to
                  | strengthen your wands. [potion of mutation]
  2237 | D:2      | Learned a level 4 spell: Iskenderun's Mystic Blast
  2289 | D:2      | Noticed Natasha
  2301 | D:2      | Killed Natasha
  2301 | D:2      | Gained mutation: A weak demonic guardian rushes to your
                  | aid. [demonic ancestry]
  2301 | D:2      | Reached XP level 5. HP: 32/35 MP: 10/10
  2438 | D:2      | Noticed Natasha
  2448 | D:2      | Killed Natasha
  3322 | D:3      | Learned a level 4 spell: Fulminant Prism
  3467 | D:4      | Gained mutation: You have razor-sharp toenails. [demonic
                  | ancestry]
  3467 | D:4      | Reached XP level 6. HP: 41/41 MP: 11/11
  3723 | D:4      | Reached skill level 4 in Spellcasting
  4131 | D:4      | Found a sacrificial altar of Ru.
  4131 | D:4      | Found a stormy altar of Qazlal.
  4131 | D:4      | Found a glowing golden altar of the Shining One.
  4131 | D:4      | Found a shadowy altar of Dithmenos.
  4132 | D:4      | Found a basalt altar of Yredelemnul.
  4133 | D:4      | Found a deep blue altar of Sif Muna.
  4134 | D:4      | Found a shattered altar of Ashenzari.
  4135 | D:4      | Found a hazy altar of Hepliaklqana.
  4136 | D:4      | Found a hide-covered altar of Uskayaw.
  4221 | D:4      | Found a radiant altar of Vehumet.
  4483 | D:4      | Became a worshipper of Vehumet
  4524 | D:5      | Entered Level 5 of the Dungeon
  4529 | D:5      | Found a sand-covered staircase.
  4596 | Ossuary  | Entered an ossuary
  5432 | Ossuary  | Reached * piety under Vehumet
  5432 | Ossuary  | Offered knowledge of Sandblast by Vehumet.
  5585 | Ossuary  | Reached XP level 7. HP: 47/47 MP: 13/13
  5824 | D:5      | Found a blossoming altar of Fedhas.
  6181 | D:5      | Reached skill level 1 in Evocations
  6727 | D:6      | Reached skill level 1 in Fighting
  6727 | D:6      | Reached skill level 1 in Hexes
  6729 | D:6      | Reached skill level 1 in Throwing
  6749 | D:6      | Reached skill level 5 in Spellcasting
  6759 | D:5      | Reached ** piety under Vehumet
  6759 | D:5      | Offered knowledge of Flame Tongue by Vehumet.
  7101 | D:6      | Gained mutation: You regenerate a little health from kills.
                  | [demonic ancestry]
  7101 | D:6      | Reached XP level 8. HP: 54/54 MP: 15/15
  7143 | D:6      | Found a staircase to the Ecumenical Temple.
  8105 | D:6      | Learned a level 4 spell: Force Lance
  8292 | D:7      | Got a flickering amber ring
  8293 | D:7      | Identified the ring of the Peasants {rF+ rC+ Dex+2} (You
                  | found it on level 7 of the Dungeon)
  8304 | D:7      | Found a runed door.
  8304 | D:7      | Noticed RadicalHijinx's ghost (novice FoFi)
  8520 | D:7      | Noticed Pikel
  8540 | D:7      | Killed Pikel
  8540 | D:7      | Reached skill level 6 in Spellcasting
  8540 | D:7      | Gained mutation: You have claws for feet. [demonic
                  | ancestry]
  8540 | D:7      | Reached XP level 9. HP: 62/62 MP: 2/18
  8929 | D:7      | Found a snail-covered altar of Cheibriados.
  8929 | D:7      | Found a bloodstained altar of Trog.
  8930 | D:7      | Found an ancient bone altar of Kikubaaqudgha.
  9037 | D:7      | Found Dimentat's Food Boutique.
  9503 | D:8      | Offered knowledge of Throw Flame by Vehumet.
 10104 | D:8      | Reached *** piety under Vehumet
 10825 | D:9      | Reached skill level 7 in Spellcasting
 11009 | D:9      | Offered knowledge of Olgreb's Toxic Radiance by Vehumet.
 11020 | D:9      | Noticed a five-headed hydra
 11450 | D:9      | Reached XP level 10. HP: 63/70 MP: 15/21
 11991 | D:9      | Killed a five-headed hydra
 11991 | D:9      | Reached skill level 1 in Translocations
 12020 | D:9      | Reached **** piety under Vehumet
 12271 | D:9      | Learned a level 6 spell: Iron Shot
 12443 | D:9      | Found a staircase to the Orcish Mines.
 12461 | D:9      | Offered knowledge of Ignite Poison by Vehumet.
 12461 | D:9      | Reached skill level 8 in Spellcasting
 12468 | D:9      | Noticed Erolcha
 12486 | D:9      | Reached skill level 1 in Staves
 12520 | D:9      | Reached skill level 1 in Earth Magic
 13042 | D:10     | Entered Level 10 of the Dungeon
 13232 | D:10     | Found Hymaowos's Antique Weapon Boutique.
 13485 | D:10     | Found a staircase to the Lair.
 13494 | D:10     | Found Ythuprin's Armour Emporium.
 13572 | D:10     | Noticed a gargoyle
 13579 | D:10     | Killed a gargoyle
 13596 | D:10     | Gained mutation: You have a pair of small antennae on your
                  | head. [demonic ancestry]
 13596 | D:10     | Reached XP level 11. HP: 77/77 MP: 21/23
 13781 | D:10     | Found Tiku Roc's Food Emporium.
 13860 | D:10     | Reached skill level 5 in Dodging
 14125 | D:10     | Reached ***** piety under Vehumet
 14356 | D:11     | Offered knowledge of Fireball by Vehumet.
 14363 | D:11     | Learned a level 5 spell: Fireball
 14517 | D:11     | Noticed a cyan ugly thing
 14532 | D:11     | Killed a cyan ugly thing
 14532 | D:11     | Reached skill level 9 in Spellcasting
 15088 | D:11     | Noticed a four-headed hydra
 15097 | D:11     | Killed a four-headed hydra
 15097 | D:11     | Reached skill level 10 in Conjurations
 15675 | D:11     | Noticed a two-headed ogre
 15683 | D:11     | Killed a two-headed ogre
 16009 | Lair:1   | Entered Level 1 of the Lair of Beasts
 16026 | Lair:1   | Noticed a four-headed hydra
 16032 | Lair:1   | Killed a four-headed hydra
 16156 | Lair:1   | Noticed a six-headed hydra
 16161 | Lair:1   | Killed a six-headed hydra
 16343 | Lair:1   | Reached skill level 5 in Throwing
 16609 | Lair:1   | Found a frozen archway.
 16614 | Lair:1   | Gained mutation: You have claws for hands. [demonic
                  | ancestry]
 16614 | Lair:1   | Reached XP level 12. HP: 83/83 MP: 17/25
 16737 | Lair:1   | Reached skill level 10 in Spellcasting
 18241 | Lair:2   | Found a staircase to the Shoals.
 19335 | Lair:3   | Found a bloodstained altar of Trog.
 19779 | Lair:3   | Offered knowledge of Sticky Flame by Vehumet.
 19785 | Lair:3   | Learned a level 4 spell: Sticky Flame
 20874 | Lair:4   | Reached skill level 1 in Fire Magic
 21049 | Lair:4   | Reached skill level 11 in Spellcasting
 21236 | Lair:4   | Noticed a death yak
 21241 | Lair:4   | Killed a death yak
 21241 | Lair:4   | Noticed a death yak
 21241 | Lair:4   | Noticed a death yak
 21241 | Lair:4   | Noticed a death yak
 21241 | Lair:4   | Noticed a death yak
 21242 | Lair:4   | Noticed a death yak
 21529 | Lair:4   | Found a hole to the Spider Nest.
 21824 | Lair:4   | Killed a death yak
 21824 | Lair:4   | Gained mutation: A demonic guardian rushes to your aid.
                  | [demonic ancestry]
 21824 | Lair:4   | Reached XP level 13. HP: 88/88 MP: 28/28
 22924 | Lair:5   | Reached skill level 5 in Earth Magic
 24513 | Lair:6   | Entered Level 6 of the Lair of Beasts
 24842 | Lair:6   | Reached skill level 5 in Hexes
 24884 | Lair:6   | Found a viscous altar of Jiyva.
 24884 | Lair:6   | Found a staircase to the Slime Pits.
 25081 | Lair:6   | Got a coiled jade ring
 25991 | Lair:6   | Found a runed door.
 26055 | Lair:6   | Paralysed by a hornet for 1 turns
 26224 | Lair:6   | Identified the ring "Uzoel" {rElec EV+3 Dex+3} (You found
                  | it on level 6 of the Lair of Beasts)
 26775 | Lair:6   | Noticed a fire dragon
 26787 | Lair:6   | Killed a fire dragon
 26787 | Lair:6   | Reached skill level 5 in Fighting
 26957 | Lair:6   | Reached skill level 5 in Staves
 28090 | Lair:6   | Noticed a fire dragon
 28097 | Lair:6   | Killed a fire dragon
 28344 | D:9      | Killed Erolcha
 28344 | D:9      | Gained mutation: You have a pair of antennae on your head.
                  | [demonic ancestry]
 28344 | D:9      | Reached XP level 14. HP: 98/98 MP: 29/29
 28398 | Orc:1    | Entered Level 1 of the Orcish Mines
 28434 | Orc:1    | Noticed a stone giant
 28445 | Orc:1    | Killed a stone giant
 28823 | Orc:2    | Entered Level 2 of the Orcish Mines
 28882 | Orc:2    | Found a staircase to the Elven Halls.
 28900 | Orc:1    | Offered knowledge of Irradiate by Vehumet.
 28988 | Orc:2    | Noticed Sonja
 28991 | Orc:2    | Killed Sonja
 28991 | Orc:2    | Reached skill level 12 in Spellcasting
 30241 | Orc:2    | Found Laot's Assorted Antiques.
 30241 | Orc:2    | Found Tyfuwyh's Magic Scroll Emporium.
 30256 | Orc:2    | Bought a scroll of teleportation for 33 gold pieces
 30256 | Orc:2    | Bought a scroll of amnesia for 38 gold pieces
 31378 | Orc:2    | Found a roughly hewn altar of Beogh.
 31710 | Orc:2    | Found Raonalem's General Store.
 31710 | Orc:2    | Found Satsify's Book Emporium.
 31735 | Orc:2    | Bought a book of Power for 540 gold pieces
 31735 | Orc:2    | Bought a book of the Tempests for 840 gold pieces
 31743 | Orc:2    | Learned a level 7 spell: Spellforged Servitor
 32071 | Orc:1    | Found Wakhir's Magic Scroll Boutique.
 32965 | D:12     | Found an opulent altar of Gozag.
 33037 | D:12     | Noticed Maurice
 33045 | D:12     | Killed Maurice
 33242 | D:12     | Noticed Kirke
 33259 | D:12     | Killed Kirke
 33259 | D:12     | Reached skill level 1 in Summonings
 33802 | D:12     | Noticed Psyche
 33805 | D:12     | Killed Psyche
 34082 | D:13     | Offered knowledge of Poison Arrow by Vehumet.
 34142 | D:13     | Found Waev's Book Shoppe.
 34185 | D:13     | Found a labyrinth entrance.
 34205 | Lab      | Entered a labyrinth
 35315 | Lab      | Got a crude plate armour
 35330 | Lab      | Got a vibrating bronze ring
 35348 | Lab      | Learned a level 7 spell: Orb of Destruction
 35919 | D:13     | Identified the ring of Housup {rC+ Slay+3 Stlth+} (You
                  | found it in a labyrinth)
 37865 | D:14     | Noticed Azrael
 37869 | D:14     | Killed Azrael
 37904 | D:14     | Reached XP level 15. HP: 62/103 MP: 16/31
 38135 | D:14     | Found a gate to the Vaults.
 38398 | D:14     | Learned a level 5 spell: Bolt of Magma
 38416 | D:15     | Entered Level 15 of the Dungeon
 38506 | D:15     | Reached skill level 5 in Fire Magic
 39162 | D:15     | Reached ****** piety under Vehumet
 39415 | D:15     | Offered knowledge of Bolt of Cold by Vehumet.
 39917 | D:15     | Reached skill level 13 in Spellcasting
 40442 | D:15     | Learned a level 6 spell: Bolt of Cold
 40931 | D:15     | Found a staircase to the Depths.
 40960 | D:15     | Found a shadowy altar of Dithmenos.
 40962 | D:15     | Noticed Josephine
 40970 | D:15     | Killed Josephine
 41764 | Depths:1 | Entered Level 1 of the Depths
 41779 | Depths:1 | Noticed a frost giant
 42182 | Depths:1 | Killed a frost giant
 42542 | Depths:1 | Found Losuf's Jewellery Shoppe.
 42542 | Depths:1 | Found Ciczeu's Antique Weapon Emporium.
 42604 | Depths:1 | Reached skill level 1 in Ice Magic
 43331 | Depths:1 | Offered knowledge of Conjure Ball Lightning by Vehumet.
 43334 | Depths:1 | Reached XP level 16. HP: 110/110 MP: 11/33
 43463 | Depths:1 | Noticed a lich
 43467 | Depths:1 | Killed a lich
 44113 | Depths:1 | Noticed a lich
 44122 | Depths:1 | Killed a lich
 44122 | Depths:1 | Reached skill level 5 in Summonings
 44354 | Depths:1 | Found a gateway to Hell.
 44479 | Depths:2 | Reached skill level 14 in Spellcasting
 44497 | Depths:2 | Noticed Saint Roka
 46815 | Depths:2 | Found a runed door.
 46816 | Depths:2 | Noticed Xusao's ghost (veteran GrFi)
 46897 | Depths:2 | Reached skill level 15 in Conjurations
 47932 | Depths:2 | Killed Saint Roka
 47932 | Depths:2 | Reached skill level 5 in Stealth
 48373 | Depths:2 | Found a one-way gate to the infinite horrors of the Abyss.
 48609 | Depths:2 | Reached skill level 15 in Spellcasting
 48937 | Depths:2 | Mutation became permanent: Your flesh is cold resistant.
                  | (rC+) [demonic ancestry]
 48937 | Depths:2 | Gained mutation: Your flesh is cold resistant. (rC+)
                  | [demonic ancestry]
 48937 | Depths:2 | Reached XP level 17. HP: 104/115 MP: 35/36
 48966 | Depths:2 | Got a colourful robe
 48999 | Depths:2 | Identified the +0 robe of Orthodoxy {rElec Slay+3} (You
                  | took it off a centaur warrior on level 2 of the Depths)
 50091 | Depths:2 | Offered knowledge of Freezing Cloud by Vehumet.
 50106 | Depths:2 | Got a clouded steel amulet
 50110 | Depths:2 | Got a slimy iron ring
 50209 | Depths:2 | Learned a level 6 spell: Freezing Cloud
 50609 | Depths:2 | Got a warped brass ring
 50616 | Depths:2 | Got a translucent brass amulet
 51127 | Orc:1    | Bought 2 scrolls of identify for 48 gold pieces
 51127 | Orc:1    | Identified the ring of Umeneeff {Ice +Inv MP+9} (You found
                  | it on level 2 of the Depths)
 51128 | Orc:1    | Identified the ring of the Tormentor {rElec MR+ Str+5} (You
                  | took it off a frost giant on level 2 of the Depths)
 51131 | Orc:1    | Bought a scroll of identify for 24 gold pieces
 51131 | Orc:1    | Bought a scroll of identify for 24 gold pieces
 51131 | Orc:1    | Identified the amulet of Oceidoza {Faith Fragile rPois
                  | Int+8 Dex+5} (You took it off a spriggan berserker on level
                  | 2 of the Depths)
 51132 | Orc:1    | Identified the amulet of the Republic {Regen+ Dex+4} (You
                  | found it on level 2 of the Depths)
 51328 | Spider:1 | Entered Level 1 of the Spider Nest
 52814 | D:10     | Bought a ration for 65 gold pieces
 52814 | D:10     | Bought a ration for 65 gold pieces
 52814 | D:10     | Bought a ration for 65 gold pieces
 54472 | Orc:2    | Bought a scroll of blinking for 210 gold pieces
 55691 | Spider:3 | Offered knowledge of Lehudib's Crystal Spear by Vehumet.
 55691 | Spider:3 | Offered knowledge of Fire Storm by Vehumet.
 55691 | Spider:3 | Offered knowledge of Glaciate by Vehumet.
 55880 | Spider:3 | Reached skill level 16 in Spellcasting
 56245 | Spider:3 | Reached skill level 5 in Ice Magic
 57149 | Spider:4 | Entered Level 4 of the Spider Nest
 57254 | Spider:4 | Reached skill level 1 in Air Magic
 58000 | Spider:4 | Gained mutation: You have a pair of large antennae on your
                  | head. (SInv) [demonic ancestry]
 58000 | Spider:4 | Reached XP level 18. HP: 99/121 MP: 25/38
 61310 | D:7      | Killed RadicalHijinx's ghost
 61353 | D:7      | Bought a ration for 60 gold pieces
 61353 | D:7      | Bought a ration for 60 gold pieces
 61353 | D:7      | Bought a ration for 60 gold pieces
 61353 | D:7      | Bought a ration for 60 gold pieces
 61353 | D:7      | Bought a ration for 60 gold pieces
 61353 | D:7      | Bought a ration for 60 gold pieces
 61353 | D:7      | Bought a ration for 60 gold pieces
 61664 | Spider:4 | Got a gossamer rune of Zot
 62431 | Depths:3 | Found a one-way gate leading to the halls of Pandemonium.
 62439 | Depths:3 | Noticed a golden dragon
 62446 | Depths:3 | Killed a golden dragon
 62902 | Depths:3 | Noticed a lich
 62915 | Depths:3 | Killed a lich
 62934 | Depths:3 | Noticed a golden dragon
 62948 | Depths:3 | Killed a golden dragon
 63352 | Depths:3 | Noticed a golden dragon
 63362 | Depths:3 | Killed a golden dragon
 64358 | Depths:3 | Noticed a lich
 64363 | Depths:3 | Killed a lich
 64818 | Depths:3 | Found a runed door.
 64821 | Depths:3 | Noticed bmj180's ghost (veteran MiFi)
 64825 | Depths:3 | Found a shimmering altar of Xom.
 65399 | Elf:1    | Entered Level 1 of the Elven Halls
 65404 | Elf:1    | Reached skill level 17 in Spellcasting
 65570 | Elf:1    | Gained mutation: You are immune to freezing clouds.
                  | [demonic ancestry]
 65570 | Elf:1    | Reached XP level 19. HP: 128/128 MP: 37/40
 66053 | Elf:1    | Noticed Roxanne
 66255 | Elf:1    | Killed Roxanne
 66260 | Elf:1    | Identified Roxanne's Papyrus of Clay (You took it off
                  | Roxanne on level 1 of the Elven Halls)
 66516 | Elf:1    | Found Edeth's Weapon Boutique.
 66687 | Elf:1    | Found Joufen's Book Shoppe.
 68486 | Elf:2    | Found a huge runed gate.
 68486 | Elf:2    | Found a huge runed gate.
 68488 | Elf:2    | Found a huge runed gate.
 68489 | Elf:2    | Found a huge runed gate.
 68492 | Elf:2    | Found a huge runed gate.
 68749 | Elf:2    | Reached skill level 10 in Fire Magic
 69279 | Elf:3    | Entered Level 3 of the Elven Halls
 69975 | Elf:3    | Upgraded the game from 0.22.1-2-g9c5b331 to
                  | 0.22.1-5-g62c59d9
 70390 | Elf:3    | Gained mutation: A powerful demonic guardian rushes to your
                  | aid. [demonic ancestry]
 70390 | Elf:3    | Reached XP level 20. HP: 135/135 MP: 41/41
 70391 | Elf:3    | Reached skill level 18 in Spellcasting
 70776 | Elf:3    | Identified the Reference Book on the Mountains and Calling
 70880 | Elf:3    | Identified Sif Muna's Compendium of Creation and
                  | Displacement
 72760 | Depths:4 | Noticed Jory
 73077 | Depths:4 | Killed Jory
 73535 | Depths:4 | Noticed Boris
 73543 | Depths:4 | Killed Boris
 73650 | Depths:2 | Killed Xusao's ghost
 73894 | Shoals:1 | Entered Level 1 of the Shoals
 73905 | Shoals:1 | Found a runed gate.
 73905 | Shoals:1 | Found a runed gate.
 73905 | Shoals:1 | Found a runed gate.
 73972 | Shoals:1 | Noticed Baril's ghost (journeyman DECj)
 73972 | Shoals:1 | Noticed bmj180's ghost (adept MiMo)
 74789 | Shoals:2 | Noticed Polyphemus
 74793 | Shoals:2 | Killed Polyphemus
 77302 | Shoals:4 | Entered Level 4 of the Shoals
 78358 | Shoals:4 | Reached XP level 21. HP: 100/147 MP: 36/43
 79581 | Shoals:4 | Got a barnacled rune of Zot
 79874 | Elf:1    | Bought a book of Minor Magic for 340 gold pieces
 79877 | Elf:1    | Learned a level 2 spell: Blink
 79886 | Elf:1    | Learned a level 8 spell: Ignition
 80024 | D:7      | Bought a ration for 60 gold pieces
 80024 | D:7      | Bought a ration for 60 gold pieces
 80024 | D:7      | Bought a ration for 60 gold pieces
 80160 | Vaults:1 | Entered Level 1 of the Vaults
 82365 | Vaults:2 | Reached skill level 19 in Spellcasting
 84030 | Vaults:2 | Identified the Disquisition on Enchanting Summoning
 84044 | Vaults:2 | Got a fine marble ring
 84045 | Vaults:2 | Identified the ring "Roum" {MR+ Str+3 Int+4 SInv} (You took
                  | it off a vault sentinel on level 2 of the Vaults)
 84467 | Vaults:3 | Found a staircase to the Crypt.
 84610 | Vaults:3 | Got a flickering bronze ring
 84612 | Vaults:3 | Identified the ring of Gezxa {rF+ rN+ Int+5 Stlth-} (You
                  | found it on level 3 of the Vaults)
 85284 | Vaults:3 | Reached XP level 22. HP: 115/157 MP: 26/45
 86021 | Vaults:3 | Reached skill level 5 in Translocations
 87146 | Vaults:4 | Reached skill level 20 in Spellcasting
 87607 | Vaults:4 | Learned a level 8 spell: Lehudib's Crystal Spear
 87624 | Vaults:4 | HP: 3/157 [stone giant/large rock (45)]
 87625 | Vaults:4 | Shot with a bolt by a vault sentinel

Skill      XL: |  1  2  3  4  5  6  7  8  9 10 11 12 13 14 15 16 17 18 19 20 21 22 |
---------------+-------------------------------------------------------------------+-----
Dodging        | 2 3 4 5 6 7 8 |  8.9
Stealth        | 2 3 4 5 |  5.2
Spellcasting   | 3 4 5 6 7 8 9 11 12 13 15 16 17 18 19 20 | 20.2
Conjurations   | 5 6 7 8 9 10 11 12 13 14 15 16 17 18 19 | 19.7
Evocations     | 1 2 3 4 |  4.1
Fighting       | 1 2 3 4 5 8 9 |  9.1
Hexes          | 1 2 3 4 5 6 |  6.3
Throwing       | 1 2 3 4 5 6 7 |  7.5
Translocations | 2 3 4 5 |  5.0
Staves         | 1 3 4 5 |  5.9
Earth Magic    | 1 3 4 5 6 7 8 |  8.0
Fire Magic     | 1 3 4 6 7 8 9 10 11 12 13 | 13.0
Summonings     | 3 4 5 6 7 |  7.6
Ice Magic      | 1 2 5 6 8 9 |  9.2
Air Magic      | 1 2 3 |  3.2
Short Blades   | |  0.5

Action                   |  1- 3 |  4- 6 |  7- 9 | 10-12 | 13-15 | 16-18 | 19-21 | 22-24 || total
-------------------------+-------+-------+-------+-------+-------+-------+-------+-------++-------
Melee: Dagger            |    30 |       |       |       |       |       |       |       ||    30
       Unarmed           |     2 |       |       |       |       |       |       |       ||     2
       Kick              |     4 |     1 |       |    14 |    22 |       |     5 |       ||    46
       Staff             |       |    11 |     1 |    34 |    53 |     5 |    14 |     2 ||   120
Throw: Stone             |     2 |     1 |       |       |       |       |       |       ||     3
       Tomahawk          |       |       |    12 |     6 |    16 |       |       |       ||    34
       Javelin           |       |       |       |       |     1 |    29 |     3 |     2 ||    35
 Cast: Magic Dart        |    60 |    55 |    54 |     2 |       |       |       |       ||   171
       Searing Ray       |     2 |    13 |     2 |       |       |       |       |       ||    17
       Iskenderun's Myst |       |    39 |   105 |   141 |     7 |       |       |       ||   292
       Fulminant Prism   |       |       |    22 |    93 |   112 |    39 |    18 |     2 ||   286
       Force Lance       |       |       |    12 |    19 |    76 |   116 |    54 |    15 ||   292
       Iron Shot         |       |       |       |    92 |   240 |   173 |    81 |     9 ||   595
       Fireball          |       |       |       |    20 |   236 |   262 |   274 |    66 ||   858
       Sticky Flame      |       |       |       |       |     8 |       |       |       ||     8
       Orb of Destructio |       |       |       |       |    29 |    20 |    51 |     2 ||   102
       Spellforged Servi |       |       |       |       |     5 |    55 |   112 |    13 ||   185
       Bolt of Magma     |       |       |       |       |    60 |       |       |       ||    60
       Bolt of Cold      |       |       |       |       |     5 |   108 |   159 |     7 ||   279
       Freezing Cloud    |       |       |       |       |       |    41 |    87 |     5 ||   133
       Ignition          |       |       |       |       |       |       |    11 |     7 ||    18
       Blink             |       |       |       |       |       |       |     1 |       ||     1
       Lehudib's Crystal |       |       |       |       |       |       |       |     2 ||     2
Evoke: Wand              |       |    22 |       |     2 |    12 |    18 |     2 |       ||    56
       Box of beasts     |       |       |       |       |       |     1 |       |       ||     1
       Phantom mirror    |       |       |       |       |       |     1 |       |       ||     1
  Use: Scroll            |     6 |     8 |     6 |    18 |    21 |    22 |    13 |     1 ||    95
       Potion            |     3 |     3 |       |     4 |     2 |    14 |     1 |     1 ||    28
 Stab: Sleeping          |     3 |       |     1 |       |     1 |       |       |       ||     5
       Distracted        |       |       |       |       |     1 |       |       |       ||     1
  Eat: Chunk             |     3 |    10 |    20 |    90 |   156 |    67 |    87 |     6 ||   439
       Ration            |       |     3 |     5 |     4 |     9 |    25 |    12 |     1 ||    59
Armor: Robe              |     8 |    10 |    12 |    30 |    52 |    31 |    18 |       ||   161
Dodge: Dodged            |    26 |    41 |    50 |   133 |   266 |   179 |   186 |    14 ||   895
Block: Other             |       |       |       |     6 |       |    16 |    22 |     8 ||    52
       Reflection        |       |       |       |     1 |       |     1 |    12 |     3 ||    17
